 Dungeon Crawl Stone Soup version 0.19.5 (webtiles) character file.

198 Monsterracer the Cudgeler (level 5, -2/57 HPs)
             Began as an Ogre Gladiator on Sept 9, 2017.
             Slain by a wight
             ... wielding a +3 flail of freezing
              (8 damage)
             ... on level 2 of the Dungeon.
             The game lasted 00:04:08 (3024 turns).

Monsterracer the Cudgeler (Ogre Gladiator)          Turns: 3024, Time: 00:04:08

Health: -2/57      AC:  3    Str: 21    XL:     5   Next: 76%
Magic:  5/5        EV: 10    Int:  7    God:
Gold:   171        SH:  0    Dex: 10    Spells: 0 memorised, 4 levels left

rFire  . . .     SeeInvis .     a - +0 flail
rCold  . . .     Gourm    .     b - +0 robe
rNeg   + . .     Faith    .     (no shield)
rPois  .         Spirit   .     c - +0 hat
rElec  .         Reflect  .     (no cloak)
rCorr  .         Harm     .     (gloves unavailable)
MR     .....                    (boots unavailable)
Stlth  +.........               (no amulet)
                                (no ring)
                                p - ring of positive energy

@: drained
A: unfitting armour, tough skin 1
a: no special abilities


You were on level 2 of the Dungeon.
You were not hungry.

You visited 1 branch of the dungeon, and saw 3 of its levels.

You collected 171 gold pieces.

Inventory:

Hand Weapons
 a - a +0 flail (weapon)
 g - a +0 vampiric whip
Armour
 b - a +0 robe (worn)
 c - a +0 hat (worn)
Jewellery
 p - a ring of positive energy (left hand)
Scrolls
 e - 2 scrolls of identify {unknown}
 h - 2 scrolls of recharging {unknown}
 j - 5 scrolls of amnesia {unknown}
 l - 2 scrolls of enchant weapon {unknown}
Potions
 i - a potion of invisibility {unknown}
 m - a potion of curing {unknown}
 n - a potion of cancellation {unknown}
Comestibles
 o - 2 meat rations


   Skills:
 * Level 5.2(4.9) Fighting
 * Level 5.9(5.6) Maces & Flails
 + Level 3.2(2.9) Throwing
 - Level 2.6(2.3) Dodging


You had 4 spell levels left.
You didn't know any spells.

Dungeon Overview and Level Annotations

Branches:
Dungeon (3/15)

Altars:
Kikubaaqudgha
Nemelex Xobeh


Innate Abilities, Weirdness & Mutations

You are too large for most types of armour.
You have tough skin. (AC +1)


Message History

You hit the wight.
You destroy the wight!
Your Fighting skill increases to level 5!
Unknown command.
You hit the wight.
The wight is moderately damaged.
The wight hits you with a flail of freezing!
* * * LOW HITPOINT WARNING * * *
You partially resist.
You feel drained.
* * * LOW HITPOINT WARNING * * *
The wight freezes you.
* * * LOW HITPOINT WARNING * * *
Huge Dmg: -26%(-15hp) hp: 11%(6hp) Throwing (i - inventory):
d - a throwing net (quivered)
Press: ? - help, Shift-Dir - straight line, f - wight
Aim: a wight, wielding a flail of freezing and wearing a robe (moderately damaged)
You throw a throwing net.
The throwing net closely misses the wight.
The wight hits you with a flail of freezing!
You die...

########## #........##
####.######..## #.......<##...##
####.##.###.......# #.....#.#
####...##
#.....#.###.......##########
#.##..#....................#
#.##..#####.###@#.########.#####
#.....# #.###z#.# #.......
#..#..# #.##....# #..#####
#..#..# #.......## #.....##
#..#..## ##.......## ##.###.##
##......####.........####...##.##
...........'.........[(....).....
####.>..####....(...>####........
#.#.## ##.......## ##.###.#.


You could see a wight.

Vanquished Creatures
  2 wights (D:2)
  4 adders (D:2)
  2 oozes
  2 worms (D:2)
  2 dart slugs
  2 leopard geckos (D:1)
  An orc (D:3)
  6 giant cockroaches
  4 goblins (D:2)
  11 hobgoblins
  5 bats
  4 frilled lizards
  12 kobolds
  7 rats
64 creatures vanquished.

Vanquished Creatures (others)
  A hobgoblin (D:1)
1 creature vanquished.

Grand Total: 65 creatures vanquished

Notes
Turn   | Place    | Note
-------+----------+-------------------------------------------
     0 | D:1      | Monsterracer the Ogre Gladiator began the quest for the Orb.
     0 | D:1      | Reached XP level 1. HP: 22/22 MP: 1/1
    66 | D:1      | Reached XP level 2. HP: 31/31 MP: 2/2
   617 | D:1      | Reached XP level 3. HP: 37/37 MP: 3/3
  1160 | D:2      | Found an ancient bone altar of Kikubaaqudgha.
  1162 | D:2      | Found a sparkling altar of Nemelex Xobeh.
  1183 | D:2      | Reached skill level 5 in Maces & Flails
  1318 | D:2      | HP: 18/39 [poisoned by an adder]
  1323 | D:2      | HP: 8/39 [poisoned by an adder]
  1326 | D:2      | Reached XP level 4. HP: 23/48 MP: 4/4
  1328 | D:2      | HP: 19/48 [poisoned by an adder]
  1333 | D:2      | HP: 14/48 [poisoned by an adder]
  1339 | D:2      | HP: 11/48 [poisoned by an adder]
  1346 | D:2      | HP: 9/48 [poisoned by an adder]
  1353 | D:2      | HP: 8/48 [poisoned by an adder]
  1361 | D:2      | HP: 7/48 [poisoned by an adder]
  2015 | D:2      | HP: 24/48 [bat (1)]
  2021 | D:2      | HP: 17/48 [kobold/dagger (4)]
  2756 | D:2      | HP: 23/49 [adder (3)]
  2760 | D:2      | Reached XP level 5. HP: 21/55 MP: 5/5
  2761 | D:2      | HP: 19/55 [poisoned by an adder]
  2766 | D:2      | HP: 17/55 [poisoned by an adder]
  2772 | D:2      | HP: 16/55 [poisoned by an adder]
  2780 | D:2      | HP: 16/55 [poisoned by an adder]
  3015 | D:2      | HP: 19/55 [wight/enchanted flail (13)]
  3022 | D:2      | Reached skill level 5 in Fighting
  3023 | D:2      | HP: 9/57 [wight/flail of freezing (13)]
  3024 | D:2      | Slain by a wight

Skill      XL: |  1  2  3  4  5 |
---------------+----------------+-----
Fighting       | 3 4 5 |  5.2
Maces & Flails | 5 |  5.9
Throwing       | 3 |  3.2
Dodging        | |  2.6

Action                   |  1- 3 |  4- 6 || total
-------------------------+-------+-------++-------
Melee: Flail             |    87 |   119 ||   206
       Whip              |       |    16 ||    16
Throw: Throwing net      |       |     3 ||     3
  Use: Scroll            |     1 |       ||     1
       Potion            |     1 |       ||     1
 Stab: Sleeping          |     1 |       ||     1
       Held in net/web   |       |     1 ||     1
  Eat: Chunk             |     1 |     5 ||     6
       Bread ration      |       |     1 ||     1
       Pizza             |       |     1 ||     1
Armor: Robe              |    21 |    57 ||    78
Dodge: Dodged            |    48 |    98 ||   146
